PL
RICHARDSON CITY THUNDERCATS @ ATHLETIC CLUB KC
08/06/2028
 
TOP OF THE 1ST
Richardson City Thundercats batting - Pitching for Athletic Club KC : RHP Juan Gusmán
Pitching: RHP Juan Gusmán
Batting: SHB Mitch Qualtrough 0-0: Called Strike
0-1: Foul Ball, location: 2F
0-2: Ball
1-2: Ground out 5-3 (Groundball, 5S)
Batting: RHB IV Seacat 0-0: Called Strike
0-1: Bunt missed!
0-2: Ball
1-2: Ball
2-2: Foul Ball, location: 2F
2-2: Ball
3-2: Base on Balls
Batting: RHB Louis Gibbons 0-0: Ball
1-0: Reached on error, E5 (Groundball, 5L)
IV Seacat to second
Batting: RHB Tomás Martínez 0-0: Grounds into double play, 6-4-3 (Groundball, 6D)
Top of the 1st over - 0 run(s), 0 hit(s), 1 error(s), 1 left on base; Richardson City 0 - Athletic Club KC 0
BOTTOM OF THE 1ST
Athletic Club KC batting - Pitching for Richardson City Thundercats : LHP Jesús Gonzáles
Pitching: LHP Jesús Gonzáles
Batting: RHB Pil-joong Pak 0-0: Fly out, F7 (Flyball, 78M)
Batting: RHB Dong-min Cho 0-0: Called Strike
0-1: Ball
1-1: Swinging Strike
1-2: Strikes out looking
Batting: RHB David Edwards 0-0: Called Strike
0-1: Ball
1-1: Called Strike
1-2: Strikes out swinging
Bottom of the 1st over - 0 run(s), 0 hit(s), 0 error(s), 0 left on base; Richardson City 0 - Athletic Club KC 0
TOP OF THE 2ND
Richardson City Thundercats batting - Pitching for Athletic Club KC : RHP Juan Gusmán
Batting: LHB Fernando Ramírez 0-0: Ball
1-0: Ball
2-0: Ball
3-0: Called Strike
3-1: Called Strike
3-2: Base on Balls
Batting: RHB Anselmo Berneu 0-0: Ball
1-0: Foul Ball, location: 2F
1-1: Swinging Strike
1-2: Ball
2-2: Foul Ball, location: 2F
2-2: Foul Ball, location: 2F
2-2: Ball
3-2: Base on Balls
Fernando Ramírez to second
Batting: LHB Carroll Martin 0-0: Ball
1-0: Foul Ball, location: 2F
1-1: Ball
2-1: Called Strike
2-2: Strikes out swinging
Batting: RHB Joey Jones 0-0: Ball
1-0: Ball
2-0: Ball
3-0: Base on Balls
Fernando Ramírez to third
Anselmo Berneu to second
Batting: LHB Eduardo Álvarez 0-0: Ball
1-0: Foul Ball, location: 2F
1-1: Ball
2-1: Ball
3-1: Grounds into double play, 4-6-3 (Groundball, 4)
Top of the 2nd over - 0 run(s), 0 hit(s), 0 error(s), 2 left on base; Richardson City 0 - Athletic Club KC 0
BOTTOM OF THE 2ND
Athletic Club KC batting - Pitching for Richardson City Thundercats : LHP Jesús Gonzáles
Batting: SHB Pedro Vázquez 0-0: Called Strike
0-1: Ball
1-1: Called Strike
1-2: Strikes out swinging
Batting: RHB Dao-zi Dai 0-0: Called Strike
0-1: Ball
1-1: SINGLE (Groundball, 6MD)
Batting: RHB Todd Blake 0-0: Ball
1-0: Ball
2-0: Called Strike
2-1: Ball
3-1: SINGLE (Line Drive, 4M)
Dao-zi Dai to second
Batting: SHB Eric Moore 0-0: Called Strike
0-1: Ball
1-1: Called Strike
1-2: Ball
2-2: Ball
3-2: Strikes out swinging
Batting: LHB Manuel Domínguez 0-0: Ball
1-0: Ball
2-0: Ball
3-0: Called Strike
3-1: 3-RUN HOME RUN (Flyball, 9LD), Distance : 366 ft
Batting: SHB Fernando Luna 0-0: Ball
1-0: Reached on error, E7 (Flyball, 7)
Batting: RHB Pil-joong Pak 0-0: Foul Ball, location: 2F
0-1: Ball
1-1: Ball
2-1: Ball
3-1: Foul Ball, location: 2F
3-2: Strikes out swinging
Bottom of the 2nd over - 3 run(s), 3 hit(s), 1 error(s), 1 left on base; Richardson City 0 - Athletic Club KC 3
TOP OF THE 3RD
Richardson City Thundercats batting - Pitching for Athletic Club KC : RHP Juan Gusmán
Batting: SHB Mitch Qualtrough 0-0: Ground out 6-3 (Groundball, 6)
Batting: RHB IV Seacat 0-0: Ball
1-0: Called Strike
1-1: SINGLE (Flyball, 8LS)
Batting: RHB Louis Gibbons 0-0: Ball
1-0: Fly out, F9 (Flyball, 9S)
Batting: RHB Tomás Martínez 0-0: Ball
IV Seacat steals 2nd base
1-0: Ball
2-0: Called Strike
2-1: Fly out, F7 (Flyball, 78M)
Top of the 3rd over - 0 run(s), 1 hit(s), 0 error(s), 1 left on base; Richardson City 0 - Athletic Club KC 3
BOTTOM OF THE 3RD
Athletic Club KC batting - Pitching for Richardson City Thundercats : LHP Jesús Gonzáles
Batting: RHB Dong-min Cho 0-0: Foul Ball, location: 2F
0-1: Foul Ball, location: 2F
0-2: Ball
1-2: Ground out 5-3 (Groundball, 56)
Batting: RHB David Edwards 0-0: Called Strike
0-1: Ground out 5-3 (Groundball, 56)
Pitching: RHP Emílio Zaragoza
Batting: SHB Pedro Vázquez 0-0: Foul Ball, location: 2F
0-1: Foul Ball, location: 2F
0-2: Strikes out looking
Bottom of the 3rd over - 0 run(s), 0 hit(s), 0 error(s), 0 left on base; Richardson City 0 - Athletic Club KC 3
TOP OF THE 4TH
Richardson City Thundercats batting - Pitching for Athletic Club KC : RHP Juan Gusmán
Batting: LHB Fernando Ramírez 0-0: Ball
1-0: Ball
2-0: Ball
3-0: Swinging Strike
3-1: Foul Ball, location: 2F
3-2: Ground out U3 (Groundball, 34)
Batting: RHB Anselmo Berneu 0-0: Called Strike
0-1: Swinging Strike
0-2: Ball
1-2: Ball
2-2: Foul Ball, location: 2F
2-2: Strikes out swinging
Batting: LHB Carroll Martin 0-0: Ball
1-0: Foul Ball, location: 2F
1-1: Foul Ball, location: 2F
1-2: Foul Ball, location: 2F
1-2: Ground out 4-3 (Groundball, 4)
Top of the 4th over - 0 run(s), 0 hit(s), 0 error(s), 0 left on base; Richardson City 0 - Athletic Club KC 3
BOTTOM OF THE 4TH
Athletic Club KC batting - Pitching for Richardson City Thundercats : RHP Emílio Zaragoza
Batting: RHB Dao-zi Dai 0-0: Ball
1-0: Ball
2-0: Called Strike
2-1: Foul Ball, location: 2F
2-2: Foul Ball, location: 2F
2-2: TRIPLE (Flyball, 9D)
Batting: RHB Todd Blake 0-0: Called Strike
0-1: Fly out, F9 (Flyball, 9S)
Batting: SHB Eric Moore 0-0: DOUBLE (Groundball, 5L)
Dao-zi Dai scores
Batting: LHB Manuel Domínguez 0-0: Ball
1-0: Ball
2-0: Ball
Eric Moore is caught stealing 3rd base
3-0: Called Strike
3-1: Fly out, F9 (Flyball, 9LS)
Bottom of the 4th over - 1 run(s), 2 hit(s), 0 error(s), 0 left on base; Richardson City 0 - Athletic Club KC 4
TOP OF THE 5TH
Richardson City Thundercats batting - Pitching for Athletic Club KC : RHP Juan Gusmán
Batting: RHB Joey Jones 0-0: Foul Ball, location: 2F
0-1: Ball
1-1: Foul Ball, location: 2F
1-2: SINGLE (Groundball, 4MD)
Batting: LHB Eduardo Álvarez 0-0: Swinging Strike
0-1: SINGLE (Line Drive, 4MD)
Joey Jones to second
Batting: SHB Mitch Qualtrough 0-0: Foul Ball, location: 2F
0-1: Called Strike
0-2: Ball
1-2: Fly out, F7 (Flyball, 7)
Batting: RHB IV Seacat 0-0: Called Strike
0-1: Ball
1-1: DOUBLE (Line Drive, 78XD)
Joey Jones scores
Eduardo Álvarez to third
Batting: RHB Louis Gibbons 0-0: Called Strike
0-1: Ball
1-1: Fly out, F9 (Flyball, 9)
Runner from 3rd tags up, SCORES, no throw
Batting: RHB Tomás Martínez 0-0: Called Strike
0-1: Swinging Strike
0-2: Ball
1-2: Strikes out swinging
Top of the 5th over - 2 run(s), 3 hit(s), 0 error(s), 1 left on base; Richardson City 2 - Athletic Club KC 4
BOTTOM OF THE 5TH
Athletic Club KC batting - Pitching for Richardson City Thundercats : RHP Emílio Zaragoza
Batting: SHB Fernando Luna 0-0: Ball
1-0: Foul Ball, location: 2F
1-1: Ball
2-1: Ball
3-1: Base on Balls
Batting: RHB Pil-joong Pak 0-0: Ball
1-0: Sac Bunt - play at second, runner OUT! 1-6
Batting: RHB Dong-min Cho 0-0: Ball
1-0: Called Strike
1-1: Called Strike
1-2: Ground out 5-3 (Groundball, 56S)
Pil-joong Pak to second
Batting: RHB David Edwards 0-0: Ball
1-0: Called Strike
1-1: Foul Ball, location: 2F
1-2: 2-RUN HOME RUN (Flyball, 7D), Distance : 399 ft
Pitching: LHP Armando Gonzáles
Batting: SHB Pedro Vázquez 0-0: Ball
1-0: Ball
2-0: Fly out, F7 (Line Drive, 7LS)
Bottom of the 5th over - 2 run(s), 1 hit(s), 0 error(s), 0 left on base; Richardson City 2 - Athletic Club KC 6
TOP OF THE 6TH
Richardson City Thundercats batting - Pitching for Athletic Club KC : RHP Juan Gusmán
Batting: LHB Fernando Ramírez 0-0: Foul Ball, location: 2F
0-1: Ball
1-1: Foul Ball, location: 2F
1-2: Strikes out swinging
Batting: RHB Anselmo Berneu 0-0: Fly out, F7 (Flyball, 7S)
Batting: LHB Carroll Martin 0-0: Ball
1-0: Called Strike
1-1: Ball
2-1: Fly out, F8 (Flyball, 78D)
Top of the 6th over - 0 run(s), 0 hit(s), 0 error(s), 0 left on base; Richardson City 2 - Athletic Club KC 6
BOTTOM OF THE 6TH
Athletic Club KC batting - Pitching for Richardson City Thundercats : LHP Armando Gonzáles
Batting: RHB Dao-zi Dai 0-0: Called Strike
0-1: Ball
1-1: Foul Ball, location: 2F
1-2: Strikes out swinging
Batting: RHB Todd Blake 0-0: Fly out, F7 (Flyball, 7)
Batting: SHB Eric Moore 0-0: SINGLE (Groundball, 56D)
Batting: LHB Manuel Domínguez 0-0: Called Strike
0-1: Ball
1-1: Ball
2-1: Foul Ball, location: 2F
2-2: SINGLE (Line Drive, 9S)
Eric Moore to second
Batting: SHB Fernando Luna 0-0: Reached via error on a dropped throw, E1
Eric Moore to third
Manuel Domínguez to second
Batting: RHB Pil-joong Pak 0-0: Fly out, F8 (Flyball, 8LM)
Bottom of the 6th over - 0 run(s), 2 hit(s), 1 error(s), 3 left on base; Richardson City 2 - Athletic Club KC 6
TOP OF THE 7TH
Richardson City Thundercats batting - Pitching for Athletic Club KC : RHP Juan Gusmán
Batting: RHB Joey Jones 0-0: Ground out 3-1 (Groundball, 34)
Batting: LHB Eduardo Álvarez 0-0: Ball
1-0: Called Strike
1-1: Fly out, F2 (Popup, 23)
Batting: SHB Mitch Qualtrough 0-0: Ball
1-0: Called Strike
1-1: Ground out 4-3 (Groundball, 4)
Top of the 7th over - 0 run(s), 0 hit(s), 0 error(s), 0 left on base; Richardson City 2 - Athletic Club KC 6
BOTTOM OF THE 7TH
Athletic Club KC batting - Pitching for Richardson City Thundercats : LHP Armando Gonzáles
Batting: RHB Dong-min Cho 0-0: Called Strike
0-1: Foul Ball, location: 2F
0-2: Ball
1-2: Foul Ball, location: 2F
1-2: Strikes out swinging
Batting: RHB David Edwards 0-0: Foul Ball, location: 2F
0-1: Ball
1-1: Swinging Strike
1-2: Strikes out looking
Batting: SHB Pedro Vázquez 0-0: Foul Ball, location: 2F
0-1: Foul Ball, location: 2F
0-2: Strikes out swinging
Bottom of the 7th over - 0 run(s), 0 hit(s), 0 error(s), 0 left on base; Richardson City 2 - Athletic Club KC 6
TOP OF THE 8TH
Richardson City Thundercats batting - Pitching for Athletic Club KC : RHP Juan Gusmán
Pitching: RHP Jackson Haines
Batting: RHB IV Seacat 0-0: Called Strike
0-1: Fly out, F8 (Flyball, 8LD)
Batting: RHB Louis Gibbons 0-0: Ball
1-0: Ball
2-0: SINGLE (Line Drive, 6MD)
Batting: RHB Tomás Martínez 0-0: Ball
1-0: Called Strike
1-1: Foul Ball, location: 2F
1-2: Fly out, F6 (Flyball, 6MD)
Batting: LHB Fernando Ramírez 0-0: Called Strike
0-1: Ball
Balk!
Louis Gibbons to second
1-1: Ball
2-1: Foul Ball, location: 2F
2-2: Fly out, F8 (Flyball, 78M)
Top of the 8th over - 0 run(s), 1 hit(s), 0 error(s), 1 left on base; Richardson City 2 - Athletic Club KC 6
BOTTOM OF THE 8TH
Athletic Club KC batting - Pitching for Richardson City Thundercats : LHP Armando Gonzáles
Batting: RHB Dao-zi Dai 0-0: Called Strike
0-1: Fly out, F9 (Line Drive, 9LM)
Batting: RHB Todd Blake 0-0: Ball
1-0: Ground out 5-3 (Groundball, 56S)
Batting: SHB Eric Moore 0-0: Foul Ball, location: 2F
0-1: Ball
1-1: Ball
2-1: Foul Ball, location: 2F
2-2: Ball
3-2: Ground out 5-3 (Groundball, 56)
Bottom of the 8th over - 0 run(s), 0 hit(s), 0 error(s), 0 left on base; Richardson City 2 - Athletic Club KC 6
TOP OF THE 9TH
Richardson City Thundercats batting - Pitching for Athletic Club KC : RHP Jackson Haines
Pitching: RHP Gene Kirkland
Batting: RHB Anselmo Berneu 0-0: Ball
1-0: Ball
2-0: Ball
3-0: Base on Balls
Batting: LHB Carroll Martin 0-0: Ball
1-0: Foul Ball, location: 2F
1-1: DOUBLE (Line Drive, 89M)
Anselmo Berneu to third
Batting: RHB Joey Jones 0-0: Ball
1-0: Ball
2-0: Ball
3-0: Called Strike
3-1: Base on Balls
Batting: LHB Eduardo Álvarez 0-0: Called Strike
0-1: Ball
1-1: Called Strike
1-2: Strikes out looking
Batting: SHB Mitch Qualtrough 0-0: Ball
1-0: Ball
2-0: Called Strike
2-1: Foul Ball, location: 2F
2-2: Ball
3-2: Foul Ball, location: 2F
3-2: DOUBLE (Line Drive, 7LS)
Anselmo Berneu scores
Carroll Martin scores
Joey Jones to third
Batting: RHB IV Seacat 0-0: Ball
1-0: Called Strike
1-1: Ground out 6-3 (Groundball, 6M)
Joey Jones scores
Mitch Qualtrough to third
Pitching: RHP Yue-rong Chen
Batting: RHB Louis Gibbons 0-0: Called Strike
0-1: Foul Ball, location: 2F
0-2: Ball
1-2: Ball
2-2: Strikes out swinging
Top of the 9th over - 3 run(s), 2 hit(s), 0 error(s), 1 left on base; Richardson City 5 - Athletic Club KC 6
Wednesday, August 23rd, 2017 - OOTP Baseball 17.12 Build 75